| TOP OF THE 1ST |
|
Colorado (EL) Rockies batting - Pitching for Harrisburg Senators : RHP Chris Mosley
|
|
Pitching: RHP Chris Mosley
|
|
|
Batting: LHB Nick Martin
|
0-0: Called Strike 0-1: Ball 1-1: Called Strike 1-2: Ball 2-2: Ball 3-2: Strikes out looking
|
|
Batting: SHB Jeff Sorrels
|
0-0: Called Strike 0-1: Called Strike 0-2: Ball 1-2: Ball 2-2: Strikes out swinging
|
|
Batting: RHB Chris Tatum
|
0-0: Called Strike 0-1: Called Strike 0-2: Ball 1-2: Ball 2-2: Strikes out swinging
|
| Top of the 1st over - 0 runs, 0 hits, 0 errors, 0 left on base; Colorado (EL) 0 - Harrisburg 0 |
| BOTTOM OF THE 1ST |
|
Harrisburg Senators batting - Pitching for Colorado (EL) Rockies : RHP Matt Morales
|
|
Pitching: RHP Matt Morales
|
|
|
Batting: RHB Er Le
|
0-0: Ball 1-0: Foul Ball, location: 2F 1-1: Foul Ball, location: 2F 1-2: Ball 2-2: Ball 3-2: Base on Balls
|
|
Batting: LHB Vince McLane
|
0-0: Ball 1-0: Ball 2-0: Called Strike 2-1: Fielders Choice at 2nd, 3-6 (Groundball, 3, EV 86.9 MPH)
|
|
Batting: LHB Kevin Kantor
|
0-0: Ball 1-0: Called Strike 1-1: Ball Vince McLane steals 2nd base (no throw) 2-1: Ball 3-1: Ground out 4-3 (Groundball, 4M, EV 101.9 MPH) Vince McLane to third
|
|
Batting: RHB Xavier Reeves
|
0-0: Foul Ball, location: 2F 0-1: Ball 1-1: Ball 2-1: Ball 3-1: Foul Ball, location: 2F 3-2: Ground out 5-3 (Groundball, 5L, EV 98.8 MPH)
|
| Bottom of the 1st over - 0 runs, 0 hits, 0 errors, 1 left on base; Colorado (EL) 0 - Harrisburg 0 |
| TOP OF THE 2ND |
|
Colorado (EL) Rockies batting - Pitching for Harrisburg Senators : RHP Chris Mosley
|
|
Batting: LHB Mick Tucker
|
0-0: Foul Ball, location: 2F 0-1: Ball 1-1: Ball 2-1: Swinging Strike 2-2: Ball 3-2: Base on Balls
|
|
Batting: LHB Paul McClintock
|
0-0: Swinging Strike 0-1: Foul Ball, location: 2F 0-2: Ball 1-2: Strikes out looking
|
|
Batting: SHB Jamie Mims
|
0-0: Ball 1-0: Ball Mick Tucker is caught stealing 2nd base 2-6 2-0: Called Strike 2-1: Ball 3-1: Foul Ball, location: 2F 3-2: Base on Balls
|
|
Batting: RHB Zakhar Edelman
|
0-0: Ball 1-0: Fielders Choice at 2nd, 6-4 (Groundball, 6, EV 79.4 MPH)
|
| Top of the 2nd over - 0 runs, 0 hits, 0 errors, 1 left on base; Colorado (EL) 0 - Harrisburg 0 |
| BOTTOM OF THE 2ND |
|
Harrisburg Senators batting - Pitching for Colorado (EL) Rockies : RHP Matt Morales
|
|
Batting: RHB Taffounnout Kame
|
0-0: Ball 1-0: Ball 2-0: Foul Ball, location: 2F 2-1: Ball 3-1: Called Strike 3-2: Strikes out looking
|
|
Batting: RHB Antonio Vallez
|
0-0: Ball 1-0: Ball 2-0: Foul Ball, location: 2F 2-1: Ground out 5-3 (Groundball, 56, EV 96.9 MPH)
|
|
Batting: RHB Jelexiz Cuenca
|
0-0: Foul Ball, location: 2F 0-1: Ball 1-1: Ball 2-1: Swinging Strike 2-2: Foul Ball, location: 2F 2-2: Ball 3-2: Foul Ball, location: 2F 3-2: Foul Ball, location: 2F 3-2: Foul Ball, location: 2F 3-2: Ground out 6-3 (Groundball, 6, EV 81.9 MPH)
|
| Bottom of the 2nd over - 0 runs, 0 hits, 0 errors, 0 left on base; Colorado (EL) 0 - Harrisburg 0 |
| TOP OF THE 3RD |
|
Colorado (EL) Rockies batting - Pitching for Harrisburg Senators : RHP Chris Mosley
|
|
Batting: SHB Craig Ruzic
|
0-0: Called Strike 0-1: Ground out 4-3 (Groundball, 4, EV 92.5 MPH)
|
|
Batting: RHB Dwane Reed
|
0-0: Called Strike 0-1: Ball 1-1: Ball 2-1: Ball 3-1: Called Strike 3-2: Base on Balls
|
|
Batting: LHB Nick Martin
|
0-0: Ball 1-0: SINGLE (Groundball, 34D, EV 107.5 MPH) Dwane Reed to second Runner from 2nd tries for 3rd, OUT! 9-5 Nick Martin to second
|
|
Batting: SHB Jeff Sorrels
|
0-0: Ball 1-0: Foul Ball, location: 2F 1-1: Ball 2-1: Ground out U3 (Groundball, 3, EV 90.0 MPH)
|
| Top of the 3rd over - 0 runs, 1 hit, 0 errors, 1 left on base; Colorado (EL) 0 - Harrisburg 0 |
| BOTTOM OF THE 3RD |
|
Harrisburg Senators batting - Pitching for Colorado (EL) Rockies : RHP Matt Morales
|
|
Batting: RHB Aaron Bateman
|
0-0: Ball 1-0: Ball 2-0: Ground out U3 (Groundball, 3S, EV 88.1 MPH)
|
|
Batting: RHB Chad Madsen
|
0-0: Swinging Strike 0-1: Ball 1-1: Fly out, F6 (Line Drive, 6, EV 70.6 MPH)
|
|
Batting: RHB Er Le
|
0-0: Ball 1-0: Ball 2-0: Swinging Strike 2-1: Ground out 5-3 (Groundball, 56S, EV 77.5 MPH)
|
| Bottom of the 3rd over - 0 runs, 0 hits, 0 errors, 0 left on base; Colorado (EL) 0 - Harrisburg 0 |
| TOP OF THE 4TH |
|
Colorado (EL) Rockies batting - Pitching for Harrisburg Senators : RHP Chris Mosley
|
|
Batting: RHB Chris Tatum
|
0-0: SINGLE (Groundball, 56D, EV 95.6 MPH)
|
|
Batting: LHB Mick Tucker
|
0-0: Foul Ball, location: 2F 0-1: Foul Ball, location: 2F 0-2: Foul Ball, location: 2F 0-2: Ball 1-2: Strikes out swinging
|
|
Batting: LHB Paul McClintock
|
0-0: Foul Ball, location: 2F 0-1: Ground out 4-3 (Groundball, 34, EV 110.0 MPH) Chris Tatum to second
|
|
Batting: SHB Jamie Mims
|
0-0: Ball 1-0: SINGLE (Line Drive, 3D, EV 97.5 MPH) Chris Tatum to third Runner from 3rd tries for Home, SAFE, throw by RF to home
|
|
Batting: RHB Zakhar Edelman
|
0-0: Ball Jamie Mims is caught stealing 2nd base 2-4
|
| Top of the 4th over - 1 run, 2 hits, 0 errors, 0 left on base; Colorado (EL) 1 - Harrisburg 0 |
| BOTTOM OF THE 4TH |
|
Harrisburg Senators batting - Pitching for Colorado (EL) Rockies : RHP Matt Morales
|
|
Batting: LHB Vince McLane
|
0-0: Ball 1-0: Fly out, F7 (Flyball, 78S, EV 90.0 MPH)
|
|
Batting: LHB Kevin Kantor
|
0-0: Ball 1-0: Ball 2-0: Fly out, F8 (Flyball, 8LM, EV 98.1 MPH)
|
|
Batting: RHB Xavier Reeves
|
0-0: Called Strike 0-1: Ball 1-1: Called Strike 1-2: Foul Ball, location: 2F 1-2: Foul Ball, location: 2F 1-2: Ball 2-2: Strikes out swinging
|
| Bottom of the 4th over - 0 runs, 0 hits, 0 errors, 0 left on base; Colorado (EL) 1 - Harrisburg 0 |
| TOP OF THE 5TH |
|
Colorado (EL) Rockies batting - Pitching for Harrisburg Senators : RHP Chris Mosley
|
|
Batting: RHB Zakhar Edelman
|
0-0: Ball 1-0: Foul Ball, location: 2F 1-1: Foul Ball, location: 2F 1-2: Ball 2-2: Strikes out swinging
|
|
Batting: SHB Craig Ruzic
|
0-0: Fly out, F3 (Popup, 3S, EV 70.6 MPH)
|
|
Batting: RHB Dwane Reed
|
0-0: Ball 1-0: Ball 2-0: SOLO HOME RUN (Flyball, 7LD, EV 96.2 MPH), Distance : 341 ft
|
|
Batting: LHB Nick Martin
|
0-0: Ball 1-0: Ball 2-0: Swinging Strike 2-1: Ground out 6-3 (Groundball, 6, EV 85.0 MPH)
|
| Top of the 5th over - 1 run, 1 hit, 0 errors, 0 left on base; Colorado (EL) 2 - Harrisburg 0 |
| BOTTOM OF THE 5TH |
|
Harrisburg Senators batting - Pitching for Colorado (EL) Rockies : RHP Matt Morales
|
|
Batting: RHB Taffounnout Kame
|
0-0: Ball 1-0: Ball 2-0: Ball 3-0: Called Strike 3-1: Called Strike 3-2: Fly out, F3 (Popup, 34S, EV 81.2 MPH)
|
|
Batting: RHB Antonio Vallez
|
0-0: Ball 1-0: Ball 2-0: Called Strike 2-1: Ball 3-1: Base on Balls
|
|
Batting: RHB Jelexiz Cuenca
|
0-0: Ball 1-0: Fly out, F6 (Popup, 6D, EV 59.4 MPH)
|
|
Batting: RHB Aaron Bateman
|
0-0: Ball Antonio Vallez is caught stealing 2nd base 2-4
|
| Bottom of the 5th over - 0 runs, 0 hits, 0 errors, 0 left on base; Colorado (EL) 2 - Harrisburg 0 |
| TOP OF THE 6TH |
|
Colorado (EL) Rockies batting - Pitching for Harrisburg Senators : RHP Chris Mosley
|
|
Batting: SHB Jeff Sorrels
|
0-0: Called Strike 0-1: Called Strike 0-2: Ball 1-2: Fly out, F8 (Flyball, 78M, EV 86.9 MPH)
|
|
Batting: RHB Chris Tatum
|
0-0: Ball 1-0: Foul Ball, location: 2F 1-1: Ball 2-1: Ball 3-1: Base on Balls
|
|
Batting: LHB Mick Tucker
|
0-0: Ball 1-0: Ball 2-0: Called Strike 2-1: Ball 3-1: Called Strike 3-2: Strikes out swinging Chris Tatum is caught stealing 2nd base 2-6 Batter strikes out.
|
| Top of the 6th over - 0 runs, 0 hits, 0 errors, 0 left on base; Colorado (EL) 2 - Harrisburg 0 |
| BOTTOM OF THE 6TH |
|
Harrisburg Senators batting - Pitching for Colorado (EL) Rockies : RHP Matt Morales
|
|
Batting: RHB Aaron Bateman
|
0-0: Called Strike 0-1: Fly out, F9 (Flyball, 9LMF, EV 99.4 MPH)
|
|
Batting: RHB Chad Madsen
|
0-0: Ball 1-0: Ground out 5-3 (Groundball, 56, EV 109.4 MPH)
|
|
Batting: RHB Er Le
|
0-0: Called Strike 0-1: Foul Ball, location: 2F 0-2: Ball 1-2: Hit by Pitch
|
|
Batting: LHB Vince McLane
|
0-0: Ground out 4-3 (Groundball, 34, EV 88.8 MPH)
|
| Bottom of the 6th over - 0 runs, 0 hits, 0 errors, 1 left on base; Colorado (EL) 2 - Harrisburg 0 |
| TOP OF THE 7TH |
|
Colorado (EL) Rockies batting - Pitching for Harrisburg Senators : RHP Chris Mosley
|
|
Pitching: LHP Kevin Besser
|
|
|
Batting: LHB Paul McClintock
|
0-0: Ball 1-0: Foul Ball, location: 2F 1-1: Foul Ball, location: 2F 1-2: Foul Ball, location: 2F 1-2: Ball 2-2: Foul Ball, location: 2F 2-2: Ground out 5-3 (Groundball, 5, EV 82.5 MPH)
|
|
Pitching: RHP Jordan Amaker
|
|
|
Batting: SHB Jamie Mims
|
0-0: Ball 1-0: Called Strike 1-1: Ball 2-1: SINGLE (Groundball, 4M, EV 103.1 MPH) (infield hit)
|
|
Batting: RHB Zakhar Edelman
|
0-0: Ball 1-0: Foul Ball, location: 2F 1-1: Called Strike 1-2: Ball 2-2: Ball 3-2: Foul Ball, location: 2F 3-2: Fly out, F6 (Popup, 6MD, EV 51.2 MPH)
|
|
Batting: SHB Craig Ruzic
|
0-0: Ball 1-0: Swinging Strike 1-1: Called Strike 1-2: Ball 2-2: Foul Ball, location: 2F 2-2: Strikes out swinging
|
| Top of the 7th over - 0 runs, 1 hit, 0 errors, 1 left on base; Colorado (EL) 2 - Harrisburg 0 |
| BOTTOM OF THE 7TH |
|
Harrisburg Senators batting - Pitching for Colorado (EL) Rockies : RHP Matt Morales
|
|
Batting: LHB Kevin Kantor
|
0-0: Ball 1-0: SINGLE (Line Drive, 6MD, EV 103.1 MPH)
|
|
Pitching: RHP Lorenzo Pacheco
|
|
|
Batting: RHB Xavier Reeves
|
0-0: Called Strike 0-1: Called Strike 0-2: Ball 1-2: Strikes out swinging
|
|
Batting: RHB Taffounnout Kame
|
0-0: Ball Kevin Kantor steals 2nd base (no throw) 1-0: Fly out, F8 (Flyball, 8LD, EV 92.5 MPH)
|
|
Batting: RHB Antonio Vallez
|
0-0: Swinging Strike 0-1: Ground out 6-3 (Groundball, 6M, EV 98.1 MPH)
|
| Bottom of the 7th over - 0 runs, 1 hit, 0 errors, 1 left on base; Colorado (EL) 2 - Harrisburg 0 |
| TOP OF THE 8TH |
|
Colorado (EL) Rockies batting - Pitching for Harrisburg Senators : RHP Jordan Amaker
|
|
Pitching: RHP Josh Jenkins
|
|
|
Batting: RHB Dwane Reed
|
0-0: Ball 1-0: Foul Ball, location: 2F 1-1: Foul Ball, location: 2F 1-2: Ball 2-2: Ball 3-2: Base on Balls
|
|
Batting: LHB Nick Martin
|
0-0: Bunt missed! 0-1: Bunted foul 0-2: Ball 1-2: Foul Ball, location: 2F 1-2: Foul Ball, location: 2F 1-2: Ball 2-2: 2-RUN HOME RUN (Flyball, 8RXD, EV 108.1 MPH), Distance : 424 ft
|
|
Batting: SHB Jeff Sorrels
|
0-0: Ball 1-0: Swinging Strike 1-1: Foul Ball, location: 2F 1-2: Foul Ball, location: 2F 1-2: Foul Ball, location: 2F 1-2: Ball 2-2: Ground out 5-3 (Groundball, 5, EV 90.0 MPH)
|
|
Batting: RHB Chris Tatum
|
0-0: Ball 1-0: Swinging Strike 1-1: Ball 2-1: Foul Ball, location: 2F 2-2: Foul Ball, location: 2F 2-2: Ball 3-2: Base on Balls
|
|
Batting: LHB Mick Tucker
|
0-0: Ball 1-0: Ball 2-0: Ball 3-0: Called Strike 3-1: Foul Ball, location: 2F 3-2: Fly out, F3 (Popup, 3SF, EV 86.2 MPH)
|
|
Pitching: LHP Anton Erlykov
|
|
|
Batting: LHB Paul McClintock
|
0-0: Foul Ball, location: 2F 0-1: Called Strike 0-2: Strikes out swinging
|
| Top of the 8th over - 2 runs, 1 hit, 0 errors, 1 left on base; Colorado (EL) 4 - Harrisburg 0 |
| BOTTOM OF THE 8TH |
|
Harrisburg Senators batting - Pitching for Colorado (EL) Rockies : RHP Lorenzo Pacheco
|
|
Batting: RHB Jelexiz Cuenca
|
0-0: Called Strike 0-1: Called Strike 0-2: SINGLE (Flyball, 4D, EV 86.2 MPH)
|
|
Batting: RHB Aaron Bateman
|
0-0: Ball Passed Ball! Jelexiz Cuenca to second 1-0: Called Strike 1-1: Ball 2-1: Called Strike 2-2: Strikes out looking
|
|
Batting: RHB Chad Madsen
|
0-0: Called Strike 0-1: Ball 1-1: Ball 2-1: SINGLE (Groundball, 6MD, EV 96.9 MPH) Jelexiz Cuenca to third Runner from 3rd tries for Home, SAFE, throw by CF to home
|
|
Batting: RHB Er Le
|
0-0: Foul Ball, location: 2F 0-1: Fielders Choice at 2nd, 6-4 (Groundball, 6, EV 107.5 MPH)
|
|
Batting: LHB Vince McLane
|
0-0: Ball 1-0: Called Strike 1-1: Ground out 6-3 (Groundball, P, EV 85.0 MPH)
|
| Bottom of the 8th over - 1 run, 2 hits, 0 errors, 1 left on base; Colorado (EL) 4 - Harrisburg 1 |
| TOP OF THE 9TH |
|
Colorado (EL) Rockies batting - Pitching for Harrisburg Senators : LHP Anton Erlykov
|
|
Pitching: RHP Gary Simmons
|
|
|
Batting: SHB Jamie Mims
|
0-0: Swinging Strike 0-1: Ball 1-1: Ball 2-1: Ball 3-1: Foul Ball, location: 2F 3-2: Ground out 1-3 (Groundball, 34S, EV 70.0 MPH)
|
|
Batting: RHB Zakhar Edelman
|
0-0: Called Strike 0-1: Ball 1-1: Swinging Strike 1-2: Ground out 5-3 (Groundball, 56S, EV 63.8 MPH)
|
|
Batting: SHB Craig Ruzic
|
0-0: Ball 1-0: Foul Ball, location: 2F 1-1: Ball 2-1: SINGLE (Line Drive, 7S, EV 96.9 MPH)
|
|
Batting: RHB Dwane Reed
|
0-0: Ball 1-0: Called Strike 1-1: Ball 2-1: Called Strike 2-2: Foul Ball, location: 2F 2-2: Ball 3-2: Base on Balls Craig Ruzic to second
|
|
Batting: LHB Nick Martin
|
0-0: Swinging Strike 0-1: Ball 1-1: Swinging Strike 1-2: Foul Ball, location: 2F 1-2: Ball 2-2: Ball 3-2: Foul Ball, location: 2F 3-2: Foul Ball, location: 2F 3-2: Strikes out looking
|
| Top of the 9th over - 0 runs, 1 hit, 0 errors, 2 left on base; Colorado (EL) 4 - Harrisburg 1 |
| BOTTOM OF THE 9TH |
|
Harrisburg Senators batting - Pitching for Colorado (EL) Rockies : RHP Lorenzo Pacheco
|
|
Pitching: RHP Manny Lebron
|
|
|
Batting: LHB Kevin Kantor
|
0-0: Called Strike 0-1: Swinging Strike 0-2: Foul Ball, location: 2LF, Error on foul ball, E2 0-2: Ball 1-2: Ball 2-2: Ball 3-2: Base on Balls
|
|
Batting: RHB Xavier Reeves
|
0-0: Fly out, F4 (Popup, 34D, EV 60.6 MPH)
|
|
Batting: RHB Taffounnout Kame
|
0-0: Ball 1-0: Ball 2-0: Ball 3-0: Base on Balls Kevin Kantor to second
|
|
Batting: RHB Antonio Vallez
|
0-0: Ball 1-0: Ball 2-0: Called Strike 2-1: Ball 3-1: Base on Balls Kevin Kantor to third Taffounnout Kame to second
|
|
Pinch Hitting: SHB Curtis DeLille
|
0-0: Called Strike 0-1: Ball 1-1: Foul Ball, location: 2F 1-2: Ball 2-2: Foul Ball, location: 2F 2-2: SINGLE (Groundball, 4MD, EV 98.8 MPH) Kevin Kantor scores Taffounnout Kame to third Antonio Vallez to second
|
|
Batting: RHB Aaron Bateman
|
0-0: Ball 1-0: Called Strike 1-1: Ball 2-1: Foul Ball, location: 2F 2-2: Foul Ball, location: 2F 2-2: Ball 3-2: Base on Balls Taffounnout Kame scores Antonio Vallez to third Curtis DeLille to second
|
|
Batting: RHB Chad Madsen
|
0-0: Foul Ball, location: 2F 0-1: Swinging Strike 0-2: Foul Ball, location: 2F 0-2: Strikes out looking
|
|
Batting: RHB Er Le
|
0-0: Ball 1-0: Ball 2-0: Called Strike 2-1: Foul Ball, location: 2F 2-2: SINGLE (Groundball, 6MD, EV 95.0 MPH) Antonio Vallez scores Curtis DeLille to third Aaron Bateman to second Runner from 3rd tries for Home, SAFE, throw by CF to home
|
| Bottom of the 9th over - 4 runs, 2 hits, 1 error, 2 left on base; Colorado (EL) 4 - Harrisburg 5 |
|